 Dungeon Crawl Stone Soup version 0.22-a0-305-gd21a89c (webtiles) character file.

121 Amnesiac the Ducker (level 4, -3/24 HPs)
             Began as a Spriggan Gladiator on Mar 28, 2018.
             Slain by a phantom (8 damage)
             ... on level 4 of the Dungeon.
             The game lasted 00:04:25 (2150 turns).

Amnesiac the Ducker (Spriggan Gladiator)            Turns: 2150, Time: 00:04:26

Health: -3/24      AC:  3    Str: 11    XL:     4   Next: 77%
Magic:  5/5        EV: 20    Int:  9    God:
Gold:   57         SH:  0    Dex: 14    Spells: 3/3 levels left

rFire    . . .     SeeInvis +   a - +0 long sword
rCold    + . .     Gourm    .   (shield restricted)
rNeg     . . .     Faith    .   b - +0 robe
rPois    .         Spirit   .   c - +0 hat
rElec    .         Reflect  .   o - +0 cloak
rCorr    .         Harm     .   (gloves unavailable)
MR       .....                  (boots unavailable)
Stlth    +.........             (no amulet)
HPRegen  0.08/turn              i - ring of protection from cold
MPRegen  0.09/turn              s - -3 ring of dexterity (curse)

@: very quick
A: very small, unfitting armour, see invisible, herbivore, speed 3, slow
metabolism 2
a: no special abilities


You were on level 4 of the Dungeon.
You were not hungry.

You visited 1 branch of the dungeon, and saw 4 of its levels.

You collected 57 gold pieces.

Inventory:

Hand Weapons
 a - a +0 long sword (weapon)
Missiles
 d - 2 throwing nets
 n - 62 stones (quivered)
 p - 18 sling bullets
 t - 23 poisoned needles
Armour
 b - a +0 robe (worn)
 c - a +0 hat (worn)
 o - a +0 cloak (worn)
Jewellery
 i - a ring of protection from cold (left hand)
 s - a cursed -3 ring of dexterity (right hand)
Scrolls
 h - a scroll of enchant armour {!r, unknown}
 j - a scroll of fog {!r}
 l - a scroll of teleportation {!r}
 m - 2 scrolls of magic mapping {!r}
 q - a scroll of identify {!r}
 r - a scroll of blinking {!r}
Potions
 e - a potion of might {!q, unknown}
 g - 3 potions of heal wounds {!q}
 k - a potion of flight {!q}
 u - a potion of curing {!q}
Comestibles
 f - 5 rations


   Skills:
 * Level 3.5 Fighting
 - Level 2.4 Long Blades
 - Level 2.0 Throwing
 + Level 5.8 Dodging


You had 3 spell levels left.
You didn't know any spells.

Dungeon Overview and Level Annotations

Branches:
Dungeon (4/15)
 Temple: D:4-7

Altars:


Innate Abilities, Weirdness & Mutations

You are very small and have problems with some larger weapons.
You are too small for most types of armour.
You have supernaturally acute eyesight. (SInv)
You are a herbivore.
You cover ground extremely quickly.
You need to consume almost no food.


Message History

You hit the phantom but do no damage.
The phantom is almost destroyed.
The phantom hits you.
* * * LOW HITPOINT WARNING * * *
You closely miss the phantom.
The phantom is almost destroyed.
The phantom hits you.
* * * LOW HITPOINT WARNING * * *
The phantom blinks!
You see here a stone.
Throwing (i - inventory. (/) - cycle)
n - 68 stones (quivered)
Press: ? - help, Shift-Dir - straight line, f/p - phantom
Aim: a phantom (almost destroyed)
You throw a stone. The stone hits the phantom.
The phantom is almost destroyed.
Throwing (i - inventory. (/) - cycle)
n - 67 stones (quivered)
Press: ? - help, Shift-Dir - straight line, f/p - phantom
Aim: a phantom (almost destroyed)
You throw a stone. The stone closely misses the phantom.
The phantom blinks!
Throwing (i - inventory. (/) - cycle)
n - 66 stones (quivered)
Press: ? - help, Shift-Dir - straight line, f/p - phantom
Aim: a phantom (almost destroyed)
You throw a stone.
The stone hits the phantom but does no damage.
The phantom is almost destroyed.
The phantom blinks!
Throwing (i - inventory. (/) - cycle)
n - 65 stones (quivered)
Press: ? - help, Shift-Dir - straight line, f/p - phantom
Aim: a phantom (almost destroyed)
You throw a stone.
The stone hits the phantom but does no damage.
The phantom is almost destroyed.
You hit the phantom but do no damage.
The phantom is almost destroyed.
The phantom blinks!
Throwing (i - inventory. (/) - cycle)
n - 64 stones (quivered)
Press: ? - help, Shift-Dir - straight line, f/p - phantom
Aim: a phantom (almost destroyed)
You throw a stone. The stone hits the phantom.
The phantom is almost destroyed.
Throwing (i - inventory. (/) - cycle)
n - 63 stones (quivered)
Press: ? - help, Shift-Dir - straight line, f/p - phantom
Aim: a phantom (almost destroyed)
You throw a stone.
The stone hits the phantom but does no damage.
The phantom is almost destroyed.
The phantom blinks!
You barely miss the phantom.
The phantom is almost destroyed.
The phantom blinks!
You barely miss the phantom.
The phantom is almost destroyed.
The phantom closely misses you.
You hit the phantom.
The phantom is almost destroyed.
The phantom hits you.
* * * LOW HITPOINT WARNING * * *
You completely miss the phantom.
The phantom is almost destroyed.
The phantom completely misses you.
The phantom blinks!
You barely miss the phantom.
The phantom is almost destroyed.
The phantom hits you!
You die...

#............#
#.######.....# #.#
#.#####
########.######.....#
.........[.......>#.#
#....###..#########.#
#....###..# #....(#.#
#.........###.###W#.#
#....####...(...@...#
#....#.########ยง#(###
.....#......#...#(#
.....#.###.##(###(#
.....#.#<#.##(# #.#
.#####...#.##.# #(#
.#########.##.###.#
...........##.g...#
###################


You could see a phantom.

Vanquished Creatures
  2 orc wizards (D:4)
  2 gnolls (D:4)
  An ooze (D:1)
  3 dart slugs
  6 orcs (D:4)
  A giant cockroach (D:1)
  4 goblins (D:1)
  2 hobgoblins
  4 jackals (D:4)
  A kobold (D:2)
  A quokka (D:2)
  A bat (D:1)
  2 frilled lizards
  A quokka skeleton (D:4)
  A rat (D:1)
32 creatures vanquished.

Notes
Turn   | Place    | Note
-------+----------+-------------------------------------------
     0 | D:1      | Amnesiac the Spriggan Gladiator began the quest for the Orb.
     0 | D:1      | Reached XP level 1. HP: 10/10 MP: 2/2
   132 | D:1      | Reached XP level 2. HP: 13/15 MP: 3/3
   673 | D:2      | You fall through a shaft for 2 floors!
   691 | D:4      | Reached skill level 5 in Dodging
   691 | D:4      | Reached XP level 3. HP: 6/19 MP: 4/4
  1560 | D:4      | Reached XP level 4. HP: 17/24 MP: 5/5
  1825 | D:4      | Noticed a phantom
  2150 | D:4      | Slain by a phantom

Vault maps used:
D:1:      eino_arrival_cavern_a
D:2:      minmay_wonky_spiral, grunt_dithmenos_smoke
D:3:      vehumet_crystals, tgw_trog, nicolae_overflow_crystal_walls
D:4:      kennysheep_another_room

Skill      XL: |  1  2  3 |
---------------+----------+-----
Fighting       | 2 3 |  3.5
Dodging        | 5 |  5.8
Long Blades    | |  2.4
Throwing       | |  2.0

Action                   |  1- 3 |  4- 6 || total
-------------------------+-------+-------++-------
Melee: Long sword        |    79 |    44 ||   123
Throw: Throwing net      |     1 |       ||     1
       Stone             |     7 |    13 ||    20
  Use: Scroll            |     5 |       ||     5
       Potion            |     2 |       ||     2
 Stab: Sleeping          |     3 |       ||     3
       Held in net/web   |     1 |       ||     1
Armor: Robe              |     8 |     3 ||    11
Dodge: Dodged            |    84 |    21 ||   105
       Rpst.: Long sword |    22 |     4 ||    26

Table legend:
 A = Spawn XP
 B = Non-spawn XP
 C = Spawn XP percentage of total XP
 D = Spawn monster count
 E = Non-spawn monster count
 F = Spawn count percentage of total count
 G = Total turns spent on level
                    A         B        C        D         E        F      G
               +---------+---------+-------+---------+---------+-------+---------
         Total |       0 |     174 |   0.0 |       0 |      32 |   0.0 |  2150
               +---------+---------+-------+---------+---------+-------+---------
           D:1 |       0 |      25 |   0.0 |       0 |      11 |   0.0 |   562
           D:2 |       0 |       6 |   0.0 |       0 |       3 |   0.0 |   138
           D:3 |       0 |       1 |   0.0 |       0 |       1 |   0.0 |    86
           D:4 |       0 |     142 |   0.0 |       0 |      17 |   0.0 |  1364
               +---------+---------+-------+---------+---------+-------+---------
